 Dungeon Crawl Stone Soup version 0.18.1-8-gdd0e5ea (webtiles) character file.

687 santipi the Grave Robber (level 7, -6/49 HPs)
             Began as a Mummy Necromancer on June 7, 2016.
             Was an Initiate of Yredelemnul.
             Killed from afar by Blork the orc (12 damage)
             ... with a puff of flame
             ... on level 5 of the Dungeon.
             The game lasted 00:30:46 (5095 turns).

santipi the Grave Robber (Mummy Necromancer)        Turns: 5095, Time: 00:30:47

Health: -6/49      AC:  5    Str: 12    XL:     7   Next: 35%
Magic:  12/13      EV: 19    Int: 16    God:    Yredelemnul [......]
Gold:   347        SH:  0    Dex: 12    Spells: 4 memorised, 5 levels left

rFire  x . .     SeeInvis .     e - +2 dagger (elec)
rCold  + . .     Gourm    .     a - +2 robe
rNeg   + + +     Faith    .     (no shield)
rPois  ∞         Spirit   .     (no helmet)
rElec  .         Dismiss  .     (no cloak)
rCorr  +         Reflect  .     h - +0 pair of gloves
SustAt .         Harm     .     (no boots)
MR     .....                    (no amulet)
Stlth  ++........               d - +6 ring of evasion
                                c - ring of resist corrosion

@: about to teleport, not resistant to hostile enchantments, unstealthy
A: no food or potions, fire vulnerability, cold resistance 1, negative energy
resistance 3, torment resistance, unbreathing
a: Renounce Religion


You were on level 5 of the Dungeon.
You worshipped Yredelemnul.
Yredelemnul was noncommittal.
You were not hungry.

You visited 2 branches of the dungeon, and saw 6 of its levels.

You collected 347 gold pieces.

Inventory:

Hand Weapons
 e - a +2 dagger of electrocution (weapon)
 n - a +0 arbalest
Armour
 a - a +2 robe (worn)
 h - a +0 pair of gloves (worn)
Jewellery
 c - a ring of resist corrosion (left hand)
 d - a +6 ring of evasion (right hand)
Wands
 m - a wand of paralysis (5/24)
Scrolls
 g - 2 scrolls of teleportation
 i - 3 scrolls of remove curse
 j - 3 scrolls of identify
 l - a scroll of acquirement {unknown}
Books
 b - a book of Necromancy

   Spells                             Type                      Level
   a - Pain                           Necromancy                   1
   b - Animate Skeleton               Necromancy                   1
   c - Vampiric Draining              Necromancy                   3
   d - Regeneration                   Charms/Necromancy            3
   e - Animate Dead                   Necromancy                   4
   f - Control Undead                 Necromancy                   4
 f - a book of Minor Magic

   Spells                             Type                      Level
   a - Magic Dart                     Conjuration                  1
   b - Blink                          Translocation                2
   c - Call Imp                       Summoning                    2
   d - Repel Missiles                 Charms/Air                   2
   e - Slow                           Hexes                        2
   f - Conjure Flame                  Conjuration/Fire             3
   g - Mephitic Cloud                 Conjuration/Poison/Air       3
 k - a book of Enchantments

   Spells                             Type                      Level
   a - Cause Fear                     Hexes                        4
   b - Yara's Violent Unravelling     Hexes/Transmutation          5
   c - Silence                        Hexes/Air                    5
   d - Deflect Missiles               Charms/Air                   6
   e - Haste                          Charms                       6
   f - Discord                        Hexes                        8


   Skills:
 + Level 1.7 Fighting
 + Level 1.2 Short Blades
 + Level 3.6 Dodging
 - Level 1.6 Stealth
 + Level 4.3 Spellcasting
 + Level 6.1 Necromancy


You had 5 spell levels left.
You knew the following spells:

 Your Spells              Type           Power        Failure   Level  Hunger
a - Pain                  Necr           ###.         1%          1    N/A
b - Animate Skeleton      Necr           N/A          1%          1    N/A
c - Vampiric Draining     Necr           ###.......   4%          3    N/A
d - Animate Dead          Necr           N/A          14%         4    N/A

Dungeon Overview and Level Annotations

Branches:
Dungeon (5/15)             Temple (1/1) D:4

Altars:
Ashenzari
Cheibriados
Dithmenos
Elyvilon
Gozag
Kikubaaqudgha
Makhleb
Nemelex Xobeh
Okawaru
Pakellas
Qazlal
Ru
Sif Muna
Trog
Vehumet
Xom
Yredelemnul
The Shining One

Shops:
D:4 !

Annotations:
D:5 Blork the orc


Innate Abilities, Weirdness & Mutations

You do not eat or drink.
Your flesh is vulnerable to fire.
You are immune to poison.
Your flesh is cold resistant.
You are immune to negative energy.
You are immune to unholy pain and torment.
You can survive without breathing.


Message History

Casting: Pain
Confirm with . or Enter, or press ? or * to list all spells.
You can't see any susceptible monsters within range! (Use Z to cast anyway.)
Something hits you.
* * * LOW HITPOINT WARNING * * *
Something closely misses you.
A magic dart appears from out of thin air!
The magic dart hits you!
* * * LOW HITPOINT WARNING * * *
You hear some strange, mumbled words.
A puff of flame appears from out of thin air!
The puff of flame misses you.
Read which item? (? for menu, Esc to quit)
As you read the scroll of teleportation, it crumbles to dust.
You feel strangely unstable.
You hear some strange, mumbled words.
A puff of flame appears from out of thin air!
The puff of flame hits you! The fire burns you terribly!
You die...
Yredelemnul claims you as an undead slave.

####.######.####### #
##.##.##.....Z...... ..
#........###.#Z..### .#
##.##.............#
#...##########>..## #.#.# ##.##
#...# #.# ###.# #.# # #@# ##'## .
#.# ##...## #.## #.### ##.....##
#.#.### #.#.## ##.......#
##.....#########....####.........
......%..).............'.........
##....##########....####.........
#.#....# #.#.## ##.......#
#......# #.### ##.....##


There were no monsters in sight!

Vanquished Creatures
  A phantom (D:5)
  A centaur (D:5)
  A scorpion (D:4)
  A crimson imp (D:5)
  2 orc priests (D:5)
  3 orc wizards (D:5)
  Natasha (D:4)
  2 worker ants (D:5)
  11 adders
  2 oozes (D:2)
  An adder skeleton (D:3)
  4 worms
  2 dart slugs
  2 giant geckos
  7 orcs
  2 ball pythons
  3 giant cockroaches
  4 hobgoblins
  3 jackals (D:4)
  9 kobolds
  2 quokkas
  9 bats
  A giant gecko skeleton (D:5)
  2 giant newts
  4 goblins
  2 quokka zombies (D:5)
  11 rats
93 creatures vanquished.

Vanquished Creatures (collateral kills)
  An ice beast (D:5)
  An ooze (D:1)
  A dart slug (D:5)
  A giant gecko (D:3)
  2 orcs (D:5)
  A giant cockroach (D:5)
  2 goblins
  2 hobgoblins
  A kobold (D:2)
  A bat (D:3)
  A giant newt (D:1)
  A rat (D:1)
15 creatures vanquished.

Grand Total: 108 creatures vanquished

Notes
Turn   | Place    | Note
--------------------------------------------------------------
     0 | D:1      | santipi the Mummy Necromancer began the quest for the Orb.
     0 | D:1      | Reached XP level 1. HP: 13/13 MP: 3/3
    45 | D:1      | Learned a level 1 spell: Animate Skeleton
   194 | D:1      | Reached XP level 2. HP: 8/19 MP: 1/5
   895 | D:1      | Reached XP level 3. HP: 13/24 MP: 0/6
  1261 | D:2      | Learned a level 3 spell: Vampiric Draining
  1726 | D:2      | Reached XP level 4. HP: 29/31 MP: 7/7
  1914 | D:2      | Reached skill level 1 in Fighting
  2002 | D:2      | Reached skill level 5 in Necromancy
  2372 | D:3      | Reached XP level 5. HP: 26/37 MP: 9/9
  2684 | D:3      | Learned a level 4 spell: Animate Dead
  3166 | D:4      | Found a staircase to the Ecumenical Temple.
  3200 | Temple   | Entered the Ecumenical Temple
  3232 | Temple   | Became a worshipper of Yredelemnul the Dark
  3422 | D:4      | Noticed Natasha
  3450 | D:4      | Killed Natasha
  3450 | D:4      | Reached skill level 1 in Short Blades
  3645 | D:4      | Found Lucs's Distillery.
  3867 | D:5      | Entered Level 5 of the Dungeon
  3914 | D:5      | Reached XP level 6. HP: 43/43 MP: 4/10
  4709 | D:5      | Reached XP level 7. HP: 31/48 MP: 7/13
  4866 | D:5      | Found a snail-covered altar of Cheibriados.
  4963 | D:5      | Reached skill level 6 in Necromancy
  5053 | D:5      | Noticed Blork the orc
  5095 | D:5      | Killed from afar by Blork the orc

Skill      XL: |  1  2  3  4  5  6  7 |
---------------+----------------------+-----
Dodging        | 2 3 |  3.6
Fighting       | 1 |  1.7
Necromancy     | 5 6 |  6.1
Short Blades   | 1 |  1.2
Spellcasting   | 3 4 |  4.3
Stealth        | |  1.6

Action                   |  1- 3 |  4- 6 |  7- 9 || total
-------------------------+-------+-------+-------++-------
Melee: Dagger            |   108 |   173 |    18 ||   299
       Unarmed           |     3 |       |       ||     3
 Cast: Pain              |    22 |    13 |     3 ||    38
       Animate Skeleton  |    17 |    13 |       ||    30
       Vampiric Draining |     1 |     7 |       ||     8
       Animate Dead      |       |    10 |     5 ||    15
  Use: Scroll            |     7 |     7 |     1 ||    15
 Stab: Sleeping          |     2 |     1 |       ||     3
       Distracted        |       |     1 |       ||     1
Armor: Robe              |    14 |    26 |     1 ||    41
Dodge: Dodged            |    90 |   153 |    13 ||   256
